[Event "Late-Titled-Tuesday-Blitz-June-04-2024"]
[Site "Chess.com"]
[Date "2024.06.04"]
[Round "11"]
[White "KNVB"]
[Black "jaskol95"]
[Result "1-0"]
[WhiteElo "2771"]
[BlackElo "2574"]
[TimeControl "180+1"]
[EndTime "16:06:11 PDT"]
[Termination "KNVB won on time"]

1. e4 d5 2. a3 dxe4 3. Nc3 Nf6 4. Qe2 Bf5 5. Qb5+ Bd7 6. Qxb7 Nc6 7. Bb5 Rb8 8. Qxc6 Bxc6 9. Bxc6+ Nd7 10. Nxe4 Rb6 11. Ba4 e6 12. Nf3 Bd6 13. O-O O-O 14. d4 h6 15. c4 Rb8 16. c5 Be7 17. b4 Nf6 18. Nxf6+ Bxf6 19. Be3 Qd5 20. Rab1 e5 21. Bb3 Qe4 22. dxe5 Bxe5 23. Rfe1 Qf5 24. Nxe5 Qxe5 25. Bxh6 Qf5 26. Be3 a5 27. Bc4 axb4 28. axb4 c6 29. Bf1 Rfe8 30. b5 cxb5 31. Rxb5 Rbc8 32. Rbb1 Re6 33. Rbc1 Qd5 34. Bc4 Qe4 35. Bd2 Qf5 36.
Bxe6 fxe6 37. Be3 Qd5 38. Red1 Qe4 39. Rd4 Qe5 40. c6 Qa5 41. Rdc4 Kf7 42. c7 Ke7 43. Rc5 Qa3 44. Bf4 Kd7 45. Be5 Ke7 46. Bxg7 1-0

[Event "Late-Titled-Tuesday-Blitz-June-04-2024"]
[Site "Chess.com"]
[Date "2024.06.04"]
[Round "11"]
[White "N_Mullodzhanov"]
[Black "YellowJacek"]
[Result "1-0"]
[WhiteElo "2515"]
[BlackElo "2375"]
[TimeControl "180+1"]
[EndTime "16:06:11 PDT"]
[Termination "N_Mullodzhanov won by resignation"]

1. e4 c5 2. c3 Nf6 3. e5 Nd5 4. Nf3 d6 5. exd6 Qxd6 6. d4 cxd4 7. Nxd4 a6 8. Nd2 Qc7 9. Bc4 Nf6 10. O-O e6 11. Qe2 Be7 12. N2f3 O-O 13. Bg5 b5 14. Bb3 Nbd7 15. a4 bxa4 16. Rxa4 Nc5 17. Rc4 Qb6 18.
Bc2 a5 19. b4 Ncd7 20. Rc6 Qb8 21. b5 Bb7 22. Rc4 Nb6 23. Nc6 Qe8 24. Nxe7+ Qxe7 25. Rh4 h6 26. Bf4 Nbd5 27. Be5 Nd7 28. Qd3 f5 29. Rd4 Rfd8 30. c4 Nb4 31. Qd2 Bxf3 32. Bd6 Qf6 33. Bxb4 Qg6 34. g3 axb4 35. Rxd7 Rxd7 36.
Qxd7 Qg4 37. Qxe6+ Kh8 38. Bxf5 Qh5 39. Qg6 Qxg6 40.
Bxg6 b3 41. h4 Rc8 42. Bd3 Rd8 43. Bg6 Be2 44. Rc1 b2 45. Rb1 Bxc4 46. Rxb2 Bd3 47.
Bxd3 Rxd3 48. b6 Rd8 49. b7 Rb8 50. f4 Kg8 51. Kf2 Kf7 52. Ke3 Ke7 53. Kd4 Kd6 54.
Rb6+ Kc7 55. Kc5 Rxb7 56. Rxb7+ Kxb7 57. Kd6 Kb6 58. Ke7 Kc5 59. Kf7 Kd4 60. Kxg7 Ke4 61.
Kxh6 Kf3 62. f5 Kxg3 63. f6 Kg4 64. f7 Kf5 65. f8=Q+ 1-0

[Event "Late-Titled-Tuesday-Blitz-June-04-2024"]
[Site "Chess.com"]
[Date "2024.06.04"]
[Round "11"]
[White "Kirill_Klukin"]
[Black "Faqade"]
[Result "0-1"]
[WhiteElo "2833"]
[BlackElo "2644"]
[TimeControl "180+1"]
[EndTime "16:06:12 PDT"]
[Termination "Faqade won by resignation"]

1. d4 Nf6 2. Nf3 d5 3. c4 c6 4. Nc3 e6 5. e3 Nbd7 6. Qc2 Bd6 7. Bd3 O-O 8. O-O e5 9. cxd5 cxd5 10. e4 exd4 11.
Nxd5 Nxd5 12. exd5 Nf6 13. Nxd4 Qa5 14. Bg5 Qxd5 15.
Bxf6 Qh5 16. f4 gxf6 17. Bf5 b6 18. Be4 Rb8 19. Nc6 Rb7 20. Rad1 Rd7 21. h3 Re8 22. Bf3 Qc5+ 23. Qxc5 Bxc5+ 24. Kh2 a5 25. a3 Kg7 26. b4 axb4 27. axb4 Bf8 28. Nd4 Bxb4 29. Bc6 Kf8 30. Ne6+ Rxe6 31. Bxd7 Bxd7 32. Rxd7 b5 33. Rc1 Bd6 34. Kg3 b4 35. Kf3 f5 36. Rc6 Be7 37. Rxe6 fxe6 38. Rb7 Kf7 39. g4 h6 40. Rb5 Kf6 41. Ke3 Bd6 42. Kf3 Be7 43. Rb7 Bc5 44. Rb8 Bd6 45. h4 Bxb8 46. g5+ Kg6 0-1

[Event "Late-Titled-Tuesday-Blitz-June-04-2024"]
[Site "Chess.com"]
[Date "2024.06.04"]
[Round "11"]
[White "merinasian"]
[Black "MaestroCheck"]
[Result "1/2-1/2"]
[WhiteElo "2515"]
[BlackElo "2638"]
[TimeControl "180+1"]
[EndTime "16:06:13 PDT"]
[Termination "Game drawn - insufficient material"]

1. d4 d5 2. Nf3 Nf6 3. c4 c6 4. e3 Bf5 5. cxd5 cxd5 6. Qb3 Qb6 7. Qxb6 axb6 8. Bb5+ Nc6 9. Ne5 Rc8 10. O-O Nd7 11. Nxd7 Bxd7 12. Nc3 e6 13. Na4 Nb8 14. Nxb6 Bxb5 15. Nxc8 Bxf1 16. Kxf1 Nd7 17. Na7 Bb4 18. Ke2 Ke7 19. Bd2 Bxd2 20. Kxd2 Nb6 21. b3 f6 22. a4 e5 23. Rc1 Kd7 24. a5 Na8 25. Nb5 exd4 26. exd4 Re8 27. Rc5 Ke6 28.
Nc7+ Nxc7 29. Rxc7 Ra8 30. b4 Rb8 31. Rxg7 h5 32.
b5 Ra8 33. Rxb7 Rxa5 34. b6 Rb5 35. Rb8 Rb2+ 36. Kc3 Rb1 37. b7 Kf5 38. h3 h4 39.
g4+ Kf4 40. Rf8 Rxb7 41. Rxf6+ Ke4 42. Re6+ Kf4 43. Re5 Kf3 44. Rxd5 Kg2 45. Rh5 Kxh3 46. g5 Kg4 47. Rh8 Kxg5 48. d5 Rf7 49. d6 Rd7 50.
f4+ Kxf4 51. Rxh4+ Ke5 52. Rd4 Rxd6 53. Rxd6 Kxd6 1/2-1/2

[Event "Late-Titled-Tuesday-Blitz-June-04-2024"]
[Site "Chess.com"]
[Date "2024.06.04"]
[Round "11"]
[White "AndresDelgado77"]
[Black "jinxy2009"]
[Result "0-1"]
[WhiteElo "2346"]
[BlackElo "2292"]
[TimeControl "180+1"]
[EndTime "16:06:13 PDT"]
[Termination "jinxy2009 won on time"]

1. e4 c6 2. Nc3 d5 3. Qf3 dxe4 4. Nxe4 Nf6 5. Bc4 Nbd7 6. d4 e6 7. Bg5 Be7 8. h4 h6 9. Bxf6 Nxf6 10. O-O-O b5 11. Bxb5 Bd7 12. Bxc6 Rc8 13. Bxd7+ Qxd7 14. Nc5 Bxc5 15. dxc5 Qc7 16. Qe3 Ng4 17. Qd4 Qxc5 18. Qxc5 Rxc5 19. Nh3 Ke7 20. Rd4 h5 21. Rhd1 Rhc8 22.
c3 R8c7 23. f3 Ne3 24. R1d2 Nf5 25. Ra4 f6 26. Nf4 Kf7 27. Nxh5 e5 28. g4 Nxh4 29. Kb1 Nxf3 30. Rf2 Ng5 31. Rf5 Ne6 32. Ra5 Rxa5 33.
Kc2 Rxa2 34. Kb3 Ra5 35. Ng3 Rb5+ 36. Kc2 Nd4+ 37. Kd3 Nxf5 38. Nxf5 Rxb2 39. Nd6+ Ke6 40. Ne4 Rb3 41. Ng5+ fxg5 42. Kc2 Rcxc3+ 43. Kd2 Rh3 0-1

[Event "Late-Titled-Tuesday-Blitz-June-04-2024"]
[Site "Chess.com"]
[Date "2024.06.04"]
[Round "11"]
[White "zacachess"]
[Black "Fore_Man"]
[Result "1-0"]
[WhiteElo "2494"]
[BlackElo "2238"]
[TimeControl "180+1"]
[EndTime "16:06:14 PDT"]
[Termination "zacachess won on time"]

1. e4 Nc6 2. d4 e5 3. Nf3 d5 4. Bb5 dxe4 5. Nxe5 Bd7 6. Bxc6 Bxc6 7. Nxc6 bxc6 8. Nc3 Nf6 9. Bg5 Bb4 10. O-O Bxc3 11. bxc3 h6 12. Bh4 O-O 13. c4 Re8 14. Re1 Qd6 15. c3 Qe6 16. Qc2 Nd7 17. c5 f5 18. Bg3 Nf6 19. Bxc7 Nd5 20. Be5 Ne7 21.
Rab1 Ng6 22. f4 exf3 23. gxf3 Nh4 24. Qf2 Qg6+ 25. Kh1 Qh5 26. Rg1 g5 27. Rg3 Kf7 28. Rb7+ Re7 29. Qb2 Re8 30. Qb3+ Kf8 31. Rxe7 Rxe7 32.
Bd6 f4 33. Bxe7+ Kxe7 34. Qb7+ Kf8 35. Qc8+ Kf7 36. Qd7+ Kf8 37. Rh3 a5 38. Qd6+ Kf7 39.
Qxc6 g4 40. Qd7+ Kg8 41. Qxg4+ Qxg4 42. fxg4 f3 43. Kg1 1-0

[Event "Late-Titled-Tuesday-Blitz-June-04-2024"]
[Site "Chess.com"]
[Date "2024.06.04"]
[Round "11"]
[White "arnoldpetra"]
[Black "Kostukov_Alex"]
[Result "1-0"]
[WhiteElo "2489"]
[BlackElo "2312"]
[TimeControl "180+1"]
[EndTime "16:06:17 PDT"]
[Termination "arnoldpetra won by checkmate"]

1. d4 g6 2. c3 Bg7 3. Nf3 d6 4. Bf4 Nc6 5. h3 e5 6. Bh2 e4 7.
Nfd2 Qe7 8. e3 Nf6 9. Be2 O-O 10. b4 h5 11. a4 a5 12. b5 Nd8 13. c4 c5 14. Nb3 cxd4 15. Nxd4 d5 16. Nc3 Qb4 17. Rc1 dxc4 18. O-O Ne6 19. b6 Nxd4 20. Qxd4 Be6 21. Bd6 Nd5 22. Nxd5 Qxa4 23. Nf6+ Kh8 24. Be5 Rad8 25.
Qc3 Qb3 26. Nxe4 Qxc3 27. Bxc3 Bxc3 28. Rxc3 a4 29. Ng5 Bf5 30. Bxc4 Rb8 31. Nxf7+ Kg7 32.
Nd6 Rbc8 33. Nxf5+ Rxf5 34. Rd1 Rfc5 35. Rd7+ Kh6 36. Rxb7 Rxc4 37. Rxc4 Rxc4 38. Ra7 Rb4 39. b7 a3 40. Rxa3 Rb1+ 41. Kh2 Rxb7 42. g3 Rb2 43. Kg2 h4 44. g4 g5 45. Ra6+ Kh7 46. Rf6 Kg7 47. Rf5 Kg6 48. Rd5 Re2 49. Kf3 Re1 50. Rd6+ Kg7 51. Ke4 Rh1 52. Kf5 Rxh3 53. Kxg5 Rf3 54. Rd7+ Kf8 55. Kxh4 Rxf2 56. Kg3 Rf1 57.
e4 Ke8 58. Rb7 Re1 59. Kf4 Rf1+ 60. Kg5 Re1 61. Kf5 Rf1+ 62. Ke6 Kf8 63. e5 Rf4 64. g5 Kg8 65. g6 Rf1 66. Rf7 Ra1 67. Rd7 Ra6+ 68. Rd6 Ra7 69. Kf6 Ra1 70. Rd8# 1-0

[Event "Late-Titled-Tuesday-Blitz-June-04-2024"]
[Site "Chess.com"]
[Date "2024.06.04"]
[Round "11"]
[White "PNEPaul"]
[Black "shirovin"]
[Result "0-1"]
[WhiteElo "1923"]
[BlackElo "2096"]
[TimeControl "180+1"]
[EndTime "16:06:17 PDT"]
[Termination "shirovin won by resignation"]

1. e4 Nf6 2. Bc4 d5 3. exd5 Nxd5 4. Qf3 e6 5. Bxd5 exd5 6. Ne2 Be7 7. O-O O-O 8. d4 c6 9. Bf4 Nd7 10. Nd2 Nf6 11. Rae1 Re8 12. Be5 Nd7 13. Bg3 Bf6 14.
c3 Nb6 15. Nf4 g6 16. Nd3 Bg7 17. Rxe8+ Qxe8 18. Re1 Qd8 19. Ne5 Be6 20. Qd3 Nd7 21. Nef3 Qf6 22. Bh4 Qf5 23. Qxf5 Bxf5 24. Bg3 Nb6 25. h3 Be6 26. Ng5 Bf5 27. Ngf3 Bf6 28. Be5 Bxe5 29. Nxe5 Na4 30. c4 dxc4 31. Ndxc4 Rd8 32.
b3 Nb6 33. Nxb6 axb6 34. Nf3 b5 35. Re7 Bc8 36. Kf1 Kf8 37. Re1 Re8 38. Rxe8+ Kxe8 39. Ke2 Ke7 40. a3 Kd6 41. Ke3 Be6 42. b4 b6 43. Nd2 Bd5 44. g3 f5 45. f3 g5 46. g4 f4+ 47. Kd3 Be6 48. Kc3 Bf7 49.
Kd3 Bg6+ 50. Ne4+ Kd5 0-1

[Event "Late-Titled-Tuesday-Blitz-June-04-2024"]
[Site "Chess.com"]
[Date "2024.06.04"]
[Round "11"]
[White "IMRosen"]
[Black "stollenmonster"]
[Result "1-0"]
[WhiteElo "2762"]
[BlackElo "2874"]
[TimeControl "180+1"]
[EndTime "16:06:19 PDT"]
[Termination "IMRosen won by resignation"]

1. d4 Nf6 2. Bf4 d5 3. e3 Bf5 4.
c4 e6 5. Nc3 Ne4 6. Qb3 Nd7 7.
cxd5 Nxc3 8. bxc3 exd5 9. Qxd5 Be6 10. Qxb7 Bd6 11. Bxd6 cxd6 12. Nf3 O-O 13. Bd3 Qa5 14. Qb4 Qc7 15. O-O h6 16. Rac1 Rab8 17. Qa3 Nb6 18. Nd2 d5 19. Nb3 Rfc8 20. Nc5 Qe7 21. Qa5 Bg4 22. h3 Bh5 23. Rb1 Qg5 24. Rfe1 Bf3 25. Bf1 Nc4 26. Rxb8 Rxb8 27. Qxa7 Rb2 28. Qd7 Nd2 29.
h4 Qxh4 30. Nd3 Nxf1 31. Rxf1 Be4 32. Nxb2 Qg5 33. Qc8+ Kh7 34. Qh3 Qd8 35. f3 Bg6 36. Qg3 Qb6 37. Qf2 Qa5 38. Nd1 Bd3 39. Re1 Qb5 40. Qd2 Bg6 41. Nf2 Qc4 42. e4 Qc6 43.
exd5 Qxd5 44. Ng4 f6 45. Ne3 Qe6 46. c4 Qd6 47. c5 Qg3 48. d5 h5 49. d6 h4 50. Nf1 Qe5 51. Rxe5 fxe5 52. d7 1-0

[Event "Late-Titled-Tuesday-Blitz-June-04-2024"]
[Site "Chess.com"]
[Date "2024.06.04"]
[Round "11"]
[White "Jahonas"]
[Black "BerlinDrawer"]
[Result "1-0"]
[WhiteElo "2453"]
[BlackElo "2566"]
[TimeControl "180+1"]
[EndTime "16:06:21 PDT"]
[Termination "Jahonas won by resignation"]

1. e4 c6 2. Nf3 d5 3. Nc3 Bg4 4. Be2 e6 5. h3 Bxf3 6. Bxf3 Nd7 7. O-O Qc7 8. d3 Bd6 9. exd5 exd5 10. Bg5 f6 11. Re1+ Ne7 12. Bd2 O-O-O 13. a3 Ng6 14. b4 Bh2+ 15. Kh1 Nb6 16. a4 Bf4 17. a5 Nd7 18. a6 b5 19. Ne2 Bxd2 20. Qxd2 Kb8 21. Nd4 Nde5 22. Be2 Rhe8 23. Bh5 Qb6 24. c3 Qc7 25. f4 Nf7 26. f5 Nge5 27.
Ne6 Qd7 28. Bxf7 Qxf7 29. Nxd8 Rxd8 30. d4 Nc4 31. Qf4+ Qc7 32. Qxc7+ Kxc7 33. Re7+ Rd7 34. Rae1 Nd6 35. g4 Kd8 36. Rxd7+ Kxd7 37. Kg2 Ne4 38. Re3 g6 39. fxg6 hxg6 40. h4 Nd6 41. Kf3 Nf7 42. Kf4 Nd6 43. g5 f5 44. Rh3 Ne4 45. h5 gxh5 46. Rxh5 Nxc3 47. Kxf5 Ne2 48. Rh7+ Kd6 49. Rxa7 Nxd4+ 50. Kf6 Ne6 51. Re7 Nf8 52. a7 1-0

[Event "Late-Titled-Tuesday-Blitz-June-04-2024"]
[Site "Chess.com"]
[Date "2024.06.04"]
[Round "11"]
[White "subham777"]
[Black "AradNazari"]
[Result "0-1"]
[WhiteElo "2570"]
[BlackElo "2723"]
[TimeControl "180+1"]
[EndTime "16:06:22 PDT"]
[Termination "AradNazari won by resignation"]

1. e4 e6 2. Nf3 h6 3. d4 a6 4.
c4 d5 5. exd5 exd5 6. cxd5 Nf6 7. Nc3 Nxd5 8. Bc4 Qe7+ 9. Qe2 Qxe2+ 10. Kxe2 Nb6 11. Bb3 Bd6 12. Re1 O-O 13. Kf1 Nc6 14.
h3 Bf5 15. Be3 Na5 16. Bd1 Nac4 17. b3 Nxe3+ 18. fxe3 Bg3 19. Re2 Bd3 20. Bc2 Bxe2+ 21. Kxe2 Rfe8 22. Rf1 Rad8 23. Kd3 Nd5 24. Nxd5 Rxd5 25.
e4 Rd7 26. b4 Bd6 27. a3 a5 28. bxa5 Bxa3 29. Rb1 c6 30. a6 bxa6 31. Rb6 Rc8 32. Rxa6 Bd6 33. e5 Be7 34. Ke3 g6 35. e6 fxe6 36.
Ne5 Rd6 37. Bxg6 Kg7 38. Ra7 Kf6 39. Be4 h5 40. Nd7+ Kg5 41. Ne5 Kf6 42. g4 c5 43.
g5+ Kxg5 44. Rxe7 cxd4+ 45. Kd2 Kf6 46. Ng6 Rc3 47. Rh7 Rxh3 48. Nf4 Rh4 49. Nxh5+ Ke5 50. Bf3 Ra6 51. Be2 Ra2+ 52. Ke1 Rh1+ 53. Kf2 Rh2+ 54. Kf3 Raxe2 55. Rh6 Re3+ 56. Kg4 Re1 57. Rg6 Rg2+ 58. Ng3 Rxg3+ 59. Kh5 Reg1 60. Rg4 0-1

[Event "Late-Titled-Tuesday-Blitz-June-04-2024"]
[Site "Chess.com"]
[Date "2024.06.04"]
[Round "11"]
[White "Godzillator"]
[Black "Alex_Banzea"]
[Result "0-1"]
[WhiteElo "2416"]
[BlackElo "2581"]
[TimeControl "180+1"]
[EndTime "16:06:23 PDT"]
[Termination "Alex_Banzea won by checkmate"]

1. e4 c6 2. d4 d5 3. exd5 cxd5 4.
Bd3 Nf6 5. c3 Bg4 6. Qb3 Qc7 7.
Ne2 Bxe2 8. Bxe2 e6 9. O-O Bd6 10. h3 Nc6 11. Na3 a6 12. Bg5 Ne4 13. Be3 O-O 14. Rac1 b5 15. Qc2 Bxa3 16. bxa3 Rfc8 17. a4 bxa4 18. Qxa4 Qa5 19. Qc2 Qa3 20. Bd3 Nb4 21. Qe2 Nxd3 22. Qxd3 Rxc3 23. Rxc3 Qxc3 24. Qxc3 Nxc3 25.
a3 Rb8 26. Kh2 Rb3 27. Rc1 h6 28. Bd2 Nb1 29. Rc8+ Kh7 30. Be3 Nxa3 31. Rc7 Kg6 32. h4 h5 33. g4 hxg4 34. h5+ Kf6 35. Ra7 Nc4 36. Bc1 a5 37. Kg2 Rc3 38. Bf4 Rd3 39. Bc7 Kg5 40. Bd8+ Kxh5 41. Rxf7 Rxd4 42. Rxg7 Rd2 43.
Rg5+ Kh6 44. Rg8 a4 45. Bg5+ Kh7 46. Bxd2 Kxg8 47. Bb4 a3 48. Bc3 a2 49. Kg3 Nd2 50. Kxg4 Nb3 51. Kg5 Kf7 52. f4 d4 53. Bb2 d3 54. f5 exf5 55. Kf4 d2 56. Ke5 d1=Q 57. Kf4 Qd2+ 58. Kxf5 Qxb2 59. Kg5 Qe5+ 60. Kh6 a1=Q 61. Kh7 Qg7# 0-1

[Event "Late-Titled-Tuesday-Blitz-June-04-2024"]
[Site "Chess.com"]
[Date "2024.06.04"]
[Round "11"]
[White "KChor05"]
[Black "AustinThomas12345"]
[Result "1-0"]
[WhiteElo "2627"]
[BlackElo "2482"]
[TimeControl "180+1"]
[EndTime "16:06:26 PDT"]
[Termination "KChor05 won on time"]

1. e4 c5 2. Nf3 g6 3. d4 cxd4 4.
Nxd4 Nc6 5. Nc3 Bg7 6. Be3 Nf6 7.
Bc4 O-O 8. Bb3 d5 9. exd5 Na5 10. Qf3 Nxb3 11. axb3 Bg4 12. Qg3 Bh5 13. d6 exd6 14.
O-O Ng4 15. Nd5 Nxe3 16. Qxe3 Re8 17. Qd2 Qh4 18. Ra4 Re4 19. c3 Rae8 20. g3 Qh3 21.
Nf4 Rxf4 22. Qxf4 Bg4 23. Raa1 Bh6 24. Qxd6 Re4 25. Rfe1 Rxe1+ 26. Rxe1 Bf8 27. Re8 Qh6 28. Qb8 Bh3 29. Rxf8+ Qxf8 30. Qxf8+ Kxf8 31. Nb5 a6 32. Nd6 b6 33. f4 Ke7 34. Nc4 b5 35. Ne5 Be6 36. b4 Kd6 37. Kf2 f6 38. Nd3 Kd5 39.
Nc5 Bc8 40. Ke3 a5 41. Nd3 axb4 42. Nxb4+ Kc4 43. Kd2 Kb3 44. Kc1 Be6 45. Nc6 g5 46. Nd4+ Kc4 47. Nxe6 gxf4 48. Nxf4 f5 49. Kc2 b4 50.
b3+ Kc5 51. Nd3+ Kb5 52. c4+ 1-0

[Event "Late-Titled-Tuesday-Blitz-June-04-2024"]
[Site "Chess.com"]
[Date "2024.06.04"]
[Round "11"]
[White "Mikhal867"]
[Black "simaopdias"]
[Result "0-1"]
[WhiteElo "2455"]
[BlackElo "2239"]
[TimeControl "180+1"]
[EndTime "16:06:26 PDT"]
[Termination "simaopdias won by checkmate"]

1. e4 c5 2. Nf3 g6 3. d4 cxd4 4. Qxd4 Nf6 5. e5 Nc6 6. Qf4 Nd5 7. Qd2 Nc7 8. b3 Bg7 9. Bb2 O-O 10. Na3 d6 11.
O-O-O dxe5 12. Qxd8 Rxd8 13. Rxd8+ Nxd8 14. Nxe5 Be6 15.
Bc4 Nc6 16. Nxc6 bxc6 17. Bxg7 Kxg7 18. Rd1 Kf6 19. f4 Bd5 20. g3 h5 21. Be2 Ne6 22. c4 Be4 23. b4 Rd8 24. Rxd8 Nxd8 25. Kd2 Bf5 26. c5 Be4 27. Nc4 Bd5 28. a3 Kf5 29. Ne3+ Ke4 30. Bd3+ Kf3 31. Nxd5 cxd5 32. b5 Ne6 33. b6 axb6 34. cxb6 Nc5 35. a4 h4 36. a5 Nb3+ 37. Kc3 Nxa5 38. Kb4 Nb7 39.
gxh4 Kxf4 40. Ba6 Nd6 41. b7 Nxb7 42. Bxb7 d4 43. Kc4 e5 44. Kd3 f5 45. Ke2 Kg4 46.
Kf2 Kxh4 47. Kg2 Kg4 48. Bd5 g5 49. Be6 Kf4 50. Kf2 e4 51. Ke2 d3+ 52. Kd2 Ke5 53.
Bf7 f4 54. Bh5 Kd4 55. Bg6 e3+ 56. Kd1 Kc3 57. Ke1 f3 58. Bh5 d2+ 59. Kd1 e2# 0-1

[Event "Late-Titled-Tuesday-Blitz-June-04-2024"]
[Site "Chess.com"]
[Date "2024.06.04"]
[Round "11"]
[White "dosto07"]
[Black "traviscottofficial"]
[Result "1/2-1/2"]
[WhiteElo "2512"]
[BlackElo "2658"]
[TimeControl "180+1"]
[EndTime "16:06:29 PDT"]
[Termination "Game drawn - insufficient material"]

1. e4 Nh6 2. d4 d5 3. Bxh6 gxh6 4. Nc3 dxe4 5. Nxe4 Bf5 6. Ng3 Bg6 7. Nf3 Nd7 8.
h4 h5 9. Be2 Bg7 10. c3 c5 11.
Bb5 O-O 12. Bxd7 Qxd7 13. dxc5 Qb5 14. Qb3 Qxc5 15. O-O b5 16. Rfe1 e6 17. Rad1 Qc4 18. Nd4 Qxb3 19. axb3 b4 20. cxb4 Rab8 21. b5 Bf6 22. Ne4 Bxh4 23. Nc5 Rfd8 24. b4 Rd5 25. Nf3 Rxd1 26. Rxd1 Bf6 27. Nd7 Rxb5 28. Nxf6+ Kg7 29.
Ne8+ Kf8 30. Nd6 Rxb4 31. Rd2 a5 32. Ne5 a4 33. Nc6 Rb6 34. Ne5 Kg7 35. f3 Rb3 36. Nxg6 hxg6 37. Kf2 g5 38. Nc4 Rb4 39. Rc2 Kf6 40. Ke3 Kg6 41. Ne5+ Kf6 42. Nd3 Rb8 43. Rc7 Rb3 44. Kd2 a3 45. bxa3 Rxa3 46. Ke3 Ra2 47.
g3 Ra3 48. Ke4 Ra4+ 49. Ke3 Ra8 50. f4 gxf4+ 51. gxf4 Rh8 52. Ne5 Rh7 53. Kf3 h4 54. Kg2 Kf5 55. Rxf7+ Rxf7 56. Nxf7 Kxf4 57. Kh3 e5 58. Nxe5 Kxe5 59. Kxh4 1/2-1/2

[Event "Late-Titled-Tuesday-Blitz-June-04-2024"]
[Site "Chess.com"]
[Date "2024.06.04"]
[Round "11"]
[White "slidingknight2775"]
[Black "Mikhail_Golubev"]
[Result "1-0"]
[WhiteElo "2653"]
[BlackElo "2502"]
[TimeControl "180+1"]
[EndTime "16:06:30 PDT"]
[Termination "slidingknight2775 won on time"]

1. d4 Nf6 2. c4 d6 3. Nc3 g6 4. e4 Bg7 5. Be2 O-O 6. Be3 c5 7. d5 e6 8. Nf3 exd5 9. cxd5 b5 10. Bxb5 Nxe4 11. Nxe4 Qa5+ 12. Nfd2 Qxb5 13. Nxd6 Qxb2 14. Rb1 Qxa2 15. O-O Qxd5 16. N2c4 Qxd1 17. Rfxd1 Be6 18. Bxc5 Nd7 19. Ba3 Rfb8 20. Na5 Rxb1 21. Rxb1 Bf8 22. h3 Rb8 23. Rd1 Rb6 24. Ndc4 Bxa3 25. Nxa3 Ra6 26. N3c4 Nb6 27. Nxb6 axb6 28. Nc6 b5 29. Rd8+ Kg7 30. Nd4 Bc4 31. Rb8 Ra1+ 32. Kh2 Rb1 33. Nc6 h5 34. h4 Bd5 35. Ne7 Be4 36. f3 Bd3 37. Nc6 Bc4 38. Kg3 Bd5 39. Ne7 Be6 40. Nc6 Kf6 41. Rb6 Kg7 42.
Nd4 Bc4 43. Nc6 Rb2 44. Ne5 Bf1 45. Rb7 Rxg2+ 46. Kf4 Kf6 47. Rxf7+ Ke6 48. Rb7 Kd6 49. Nxg6 Kc5 50. Ne7 b4 51. Nf5 1-0

[Event "Late-Titled-Tuesday-Blitz-June-04-2024"]
[Site "Chess.com"]
[Date "2024.06.04"]
[Round "11"]
[White "Jagerrmeisterr"]
[Black "dretch"]
[Result "0-1"]
[WhiteElo "2691"]
[BlackElo "2870"]
[TimeControl "180+1"]
[EndTime "16:06:32 PDT"]
[Termination "dretch won by resignation"]

1. e4 e6 2. d4 d5 3. Nd2 c5 4. dxc5 Bxc5 5. Bd3 Nf6 6. Qe2 O-O 7. Ngf3 Nc6 8. O-O Nb4 9. e5 Nxd3 10. cxd3 Nd7 11.
Nb3 Be7 12. Nbd4 Nc5 13. Bd2 Bd7 14. Rfc1 a5 15. Qe3 Qb8 16. h4 Rc8 17. h5 h6 18.
Nh2 Qa7 19. Ng4 Qa6 20. Nf6+ gxf6 21. exf6 Bxf6 22. Nf3 Qxd3 23. Rxc5 Qxe3 24. Bxe3 Rxc5 25. Bxc5 Rc8 26. Bb6 a4 27. Rb1 Rc2 28. Nd4 Rd2 29. Nf3 Rxb2 30. Rxb2 Bxb2 31. Kf1 Bb5+ 32. Ke1 Bc4 33.
Bd4 a3 34. Kd2 Bxa2 35. Kc2 Bxd4 36. Nxd4 Bc4 37. Kc3 b5 38. Nc2 a2 39. Kb2 e5 40.
Ne3 d4 41. Ng4 d3 42. Ne3 e4 43. f3 exf3 44. gxf3 Kg7 45. Nd1 Kf6 46. Ka1 Kg5 47.
f4+ Kxf4 48. Nc3 Kg4 49. Ne4 f5 50. Nd2 f4 51. Kb2 Kxh5 52. Nf1 Kg4 53. Nd2 h5 54. Ne4 h4 55. Nd2 h3 56. Ne4 h2 57.
Nf2+ Kf3 58. Nd1 h1=Q 0-1

[Event "Late-Titled-Tuesday-Blitz-June-04-2024"]
[Site "Chess.com"]
[Date "2024.06.04"]
[Round "11"]
[White "osielchesslover2011"]
[Black "urano56"]
[Result "1-0"]
[WhiteElo "2233"]
[BlackElo "2426"]
[TimeControl "180+1"]
[EndTime "16:06:32 PDT"]
[Termination "osielchesslover2011 won by checkmate"]

1. e4 e6 2. d4 d5 3. Nd2 c5 4. Ngf3 cxd4 5. exd5 Qxd5 6. Bc4 Qd8 7. O-O Nf6 8. Nb3 Be7 9. Nbxd4 O-O 10. Bf4 a6 11. a4 Bd7 12. Ne5 Nc6 13. Ndxc6 Bxc6 14. Nxc6 bxc6 15. Qxd8 Rfxd8 16. Rad1 Nd5 17. Be5 f6 18.
Bg3 e5 19. Rd2 Kf8 20. Rfd1 Rdb8 21. b3 Nc3 22. Re1 Rd8 23. Rd3 Bb4 24. h3 a5 25.
f3 h6 26. Bf2 g5 27. g3 Ke7 28. Kg2 h5 29. g4 hxg4 30. hxg4 Rh8 31. Ree3 Nd5 32.
Bxd5 cxd5 33. Rxd5 Rac8 34. Re2 Rc7 35. Bb6 Rc6 36.
Bxa5 Bc5 37. b4 Bd4 38. b5 Rc4 39. b6 Rxa4 40. b7 Rb8 41. Rb5 Rc4 42. c3 Bxc3 43. Rc2 Ra4 44. Rxc3 Ra2+ 45. Kg3 Rh8 46. Rc7+ Kd8 47.
b8=Q# 1-0

[Event "Late-Titled-Tuesday-Blitz-June-04-2024"]
[Site "Chess.com"]
[Date "2024.06.04"]
[Round "11"]
[White "Nf3c5"]
[Black "Heydarli77"]
[Result "1/2-1/2"]
[WhiteElo "2600"]
[BlackElo "2467"]
[TimeControl "180+1"]
[EndTime "16:06:33 PDT"]
[Termination "Game drawn by repetition"]

1. Nf3 Nf6 2. b3 b6 3. Bb2 Bb7 4. c4 c5 5. g3 g6 6. Bg2 Bg7 7. O-O O-O 8. d4 cxd4 9. Qxd4 Nc6 10. Qf4 d6 11. Nc3 Rc8 12. Rfd1 Nb4 13. Rac1 Nh5 14. Qd2 a6 15. Na4 Bxb2 16. Qxb2 Nf6 17. a3 Nc6 18. c5 bxc5 19. Nxc5 Qb6 20. Nxb7 Qxb7 21. Nd4 d5 22. Nxc6 Rxc6 23. Rxc6 Qxc6 24. Rc1 Qb7 25. b4 Rc8 26. Rxc8+ Qxc8 27. a4 Qc4 28. b5 axb5 29.
axb5 Nd7 30. b6 e6 31. b7 Qc7 32. e4 d4 33. f4 d3 34. e5 Qc5+ 35. Kf1 Nb8 36. Qd2 Qb5 37. Be4 Qb1+ 38. Kg2 Kg7 39. Qxd3 Qb2+ 40. Qc2 Qb5 41. g4 h6 42. h4 Qb4 43. h5 gxh5 44. gxh5 Qd4 45. Qd3 Qb2+ 46. Kh3 Qc1 47. Qg3+ Kf8 48. Qd3 Kg7 49. Qd8 Qe3+ 50. Kg4 Qxe4 51. Qf6+ Kf8 52. Qd8+ Kg7 53. Qxb8 Qg2+ 54.
Kh4 Qh2+ 55. Kg4 Qg2+ 56. Kh4 Qh2+ 57. Kg4 Qg2+ 1/2-1/2

[Event "Late-Titled-Tuesday-Blitz-June-04-2024"]
[Site "Chess.com"]
[Date "2024.06.04"]
[Round "11"]
[White "nitpicker"]
[Black "FischerKasparow"]
[Result "1-0"]
[WhiteElo "2309"]
[BlackElo "2100"]
[TimeControl "180+1"]
[EndTime "16:06:33 PDT"]
[Termination "nitpicker won on time"]

1. d4 Nf6 2. c4 c5 3. d5 b5 4.
cxb5 a6 5. e3 axb5 6. Bxb5 Qa5+ 7.
Nc3 Bb7 8. Ne2 Nxd5 9. O-O Nxc3 10. Nxc3 e6 11. a4 Be7 12. e4 O-O 13. Bf4 Nc6 14.
Bd6 Bxd6 15. Qxd6 Rfd8 16. Qxc5 Qb4 17. Qxb4 Nxb4 18. Rad1 Ba6 19. Rd6 Bxb5 20. axb5 Kf8 21. Rfd1 Ke7 22. e5 f6 23. f4 Na2 24. b6 Nb4 25.
R1d4 Nc6 26. Rd2 fxe5 27. fxe5 Nxe5 28. b3 Rf8 29. Na4 Rfd8 30. h3 Ra5 31. b7 Rb5 32. R6d4 Rxb7 33. Nc5 Rb5 34. Rc2 Nc6 35. Rdc4 Nb4 36.
Rd2 Nd5 37. Rd3 Rf8 38. Ne4 Nf4 39. Rf3 Ne2+ 40. Kf2 Rxf3+ 41. gxf3 Nf4 42. b4 Nxh3+ 43. Kg3 Ng1 44. Kf2 Nh3+ 45. Kg2 Rh5 46. Ng3 Rh6 47. Rg4 g6 48. b5 Kd6 49. Rc4 Ng5 50. b6 Nxf3 51. b7 Ne1+ 52. Kf1 Rh2 53. b8=Q+ Ke7 54. Rf4 1-0

[Event "Late-Titled-Tuesday-Blitz-June-04-2024"]
[Site "Chess.com"]
[Date "2024.06.04"]
[Round "11"]
[White "rhwr"]
[Black "Tol_Tol"]
[Result "0-1"]
[WhiteElo "2285"]
[BlackElo "2387"]
[TimeControl "180+1"]
[EndTime "16:06:35 PDT"]
[Termination "Tol_Tol won on time"]

1. e4 c5 2. Nf3 Nc6 3. d4 cxd4 4. Nxd4 Nf6 5. Nc3 e5 6. Nb3 Bb4 7. Bd3 Bxc3+ 8. bxc3 d5 9. exd5 Qxd5 10. O-O O-O 11. c4 Qe6 12. Nc5 Qg4 13. Qxg4 Nxg4 14. h3 Nf6 15. Bg5 b6 16. Ne4 Nd7 17. Rad1 f6 18. Bc1 Na5 19. Nd6 Ba6 20. Nb5 Nc5 21. Nc7 Rac8 22.
Nxa6 Nxa6 23. Ba3 Rfd8 24. Bf5 Rb8 25. Be6+ Kh8 26. Be7 Re8 27. Bd6 Rbd8 28. Bf7 g6 29.
Bxe8 Rxe8 30. c5 bxc5 31. Rd3 Nc4 32. Rb1 Nb4 33. Rdd1 Nxa2 34. Rd3 Nb4 35. Rdd1 Nxd6 36.
Rxd6 Nxc2 37. Rb7 Nd4 38. Rdd7 Ne6 39. Rxa7 Rc8 40. Rxh7+ Kg8 41. Rhe7 Nf8 42. Rg7+ Kh8 43. Rgf7 c4 44. Rac7 Rxc7 45. Rxc7 Ne6 46. Rxc4 Kg7 47.
f3 Nf4 48. Kh2 g5 49. g3 Ne2 50. Kg2 Nd4 51. Rc7+ Kg6 52. g4 Ne6 53. Rc6 Nf4+ 0-1